SAAA
SCRANTON SUPERNOVAS @ HIALEAH DODOS
06/22/2042
 
TOP OF THE 1ST
Scranton Supernovas batting - Pitching for Hialeah Dodos : LHP Kidlat Tria
Pitching: LHP Kidlat Tria
Batting: RHB Yong-ho Jheon 0-0: Ball
1-0: Ball
2-0: Ball
3-0: Called Strike
3-1: Ground out 1-3 (Groundball, 13, EV 78.1 MPH)
Batting: LHB Guan-pei Bei 0-0: Called Strike
0-1: Called Strike
0-2: Ball
1-2: Foul Ball, location: 2F
1-2: Fly out, F4 (Popup, 34D, EV 76.2 MPH)
Batting: LHB Ken Norris 0-0: Foul Ball, location: 2F
0-1: Swinging Strike
0-2: Ball
1-2: Fly out, F8 (Flyball, 8LD, EV 91.9 MPH)
Top of the 1st over - 0 runs, 0 hits, 0 errors, 0 left on base; Scranton 0 - Hialeah 0
BOTTOM OF THE 1ST
Hialeah Dodos batting - Pitching for Scranton Supernovas : RHP Luis Sastre
Pitching: RHP Luis Sastre
Batting: LHB Richard Edwards 0-0: Ball
1-0: Foul Ball, location: 2F
1-1: Ball
2-1: Ball
3-1: SINGLE (Groundball, 5D, EV 103.8 MPH)
Batting: RHB Eddie Neef 0-0: Fly out, F7 (Flyball, 7LS, EV 81.2 MPH)
Batting: LHB Ramón Morterero 0-0: Foul Ball, location: 2F
0-1: Foul Ball, location: 2F
0-2: Ball
1-2: Ball
2-2: Foul Ball, location: 2F
2-2: Fly out, F7 (Flyball, 78M, EV 90.6 MPH)
Batting: LHB Gabriel Montoya 0-0: Ball
Richard Edwards is caught stealing 2nd base 2-6
Bottom of the 1st over - 0 runs, 1 hit, 0 errors, 0 left on base; Scranton 0 - Hialeah 0
TOP OF THE 2ND
Scranton Supernovas batting - Pitching for Hialeah Dodos : LHP Kidlat Tria
Batting: RHB Phil Moore 0-0: Called Strike
0-1: Ball
1-1: Foul Ball, location: 2F
1-2: Ball
2-2: Ball
3-2: SINGLE (Line Drive, 4D, EV 108.1 MPH)
Batting: RHB August Force 0-0: Ball
1-0: Ball
2-0: Ball
3-0: Base on Balls
Phil Moore to second
Batting: RHB Guillermo Alessandrini 0-0: Foul Ball, location: 2F
0-1: SINGLE (Groundball, 56, EV 106.2 MPH) (infield hit)
Phil Moore to third
August Force to second
Batting: LHB Quentin Batkin 0-0: Called Strike
0-1: Ball
1-1: Ball
2-1: Ball
3-1: Swinging Strike
3-2: SINGLE (Groundball, 3S, EV 70.0 MPH) (infield hit)
Phil Moore scores
August Force to third
Guillermo Alessandrini to second
Batting: RHB César Ferreira 0-0: Swinging Strike
0-1: Foul Ball, location: 2F
0-2: Ball
1-2: Ball
2-2: Strikes out swinging
Batting: RHB Domingo Cabrera 0-0: Called Strike
0-1: Ball
1-1: Called Strike
1-2: Grounds into double play, 6-4-3 (Groundball, 6, EV 86.9 MPH)
Top of the 2nd over - 1 run, 3 hits, 0 errors, 2 left on base; Scranton 1 - Hialeah 0
BOTTOM OF THE 2ND
Hialeah Dodos batting - Pitching for Scranton Supernovas : RHP Luis Sastre
Batting: LHB Gabriel Montoya 0-0: Ground out 4-3 (Groundball, 4, EV 76.9 MPH)
Now at 2B: Abhipala Srivastav
Batting: LHB Dallas McMurran 0-0: Called Strike
0-1: Ball
1-1: Ball
2-1: Called Strike
2-2: Strikes out swinging
Batting: RHB Juan Reyes 0-0: Ball
1-0: Foul Ball, location: 2F
1-1: Called Strike
1-2: Ball
2-2: Fly out, F8 (Line Drive, 8LD, EV 93.8 MPH)
Bottom of the 2nd over - 0 runs, 0 hits, 0 errors, 0 left on base; Scranton 1 - Hialeah 0
TOP OF THE 3RD
Scranton Supernovas batting - Pitching for Hialeah Dodos : LHP Kidlat Tria
Batting: RHB Yong-ho Jheon 0-0: Foul Ball, location: 2F
0-1: Swinging Strike
0-2: Foul Ball, location: 2F
0-2: Ball
1-2: Foul Ball, location: 2F
1-2: Strikes out swinging
Batting: LHB Guan-pei Bei 0-0: Fly out, F2 (Popup, 25F, EV 79.4 MPH)
Batting: LHB Ken Norris 0-0: Foul Ball, location: 2F
0-1: Ball
1-1: Fly out, F8 (Flyball, 8RM, EV 86.9 MPH)
Top of the 3rd over - 0 runs, 0 hits, 0 errors, 0 left on base; Scranton 1 - Hialeah 0
BOTTOM OF THE 3RD
Hialeah Dodos batting - Pitching for Scranton Supernovas : RHP Luis Sastre
Batting: RHB Sergio San Martín 0-0: Ball
1-0: Ball
2-0: Foul Ball, location: 2F
2-1: Swinging Strike
2-2: Foul Ball, location: 2F
2-2: Foul Ball, location: 2F
2-2: Foul Ball, location: 2F
2-2: Strikes out swinging
Batting: RHB Alfonso Cabedo 0-0: Ball
1-0: Ball
2-0: Ball
3-0: Called Strike
3-1: Foul Ball, location: 2F
3-2: Foul Ball, location: 2F
3-2: Ground out 4-3 (Groundball, 34, EV 105.0 MPH)
Batting: SHB Xavier Mercier 0-0: Ball
1-0: Called Strike
1-1: Swinging Strike
1-2: Strikes out looking
Bottom of the 3rd over - 0 runs, 0 hits, 0 errors, 0 left on base; Scranton 1 - Hialeah 0
TOP OF THE 4TH
Scranton Supernovas batting - Pitching for Hialeah Dodos : LHP Kidlat Tria
Batting: RHB Phil Moore 0-0: Fly out, F4 (Popup, 4M, EV 75.6 MPH)
Batting: RHB August Force 0-0: Ball
1-0: Called Strike
1-1: Foul Ball, location: 2F
1-2: Strikes out swinging
Batting: RHB Guillermo Alessandrini 0-0: Called Strike
0-1: Ball
1-1: Ball
2-1: Foul Ball, location: 2F
2-2: Fly out, F9 (Flyball, 89S, EV 87.5 MPH)
Top of the 4th over - 0 runs, 0 hits, 0 errors, 0 left on base; Scranton 1 - Hialeah 0
BOTTOM OF THE 4TH
Hialeah Dodos batting - Pitching for Scranton Supernovas : RHP Luis Sastre
Batting: LHB Richard Edwards 0-0: Called Strike
0-1: Ball
1-1: Ball
2-1: Foul Ball, location: 2F
2-2: Ball
3-2: Foul Ball, location: 2F
3-2: Foul Ball, location: 2F
3-2: Base on Balls
Batting: RHB Eddie Neef 0-0: Ball
Richard Edwards steals 2nd base
1-0: Called Strike
1-1: Swinging Strike
1-2: Hit by Pitch
Batting: LHB Ramón Morterero 0-0: Foul Ball, location: 2F
0-1: Ball
1-1: Ball
2-1: Foul Ball, location: 2F
2-2: Ball
3-2: Strikes out swinging
Batting: LHB Gabriel Montoya 0-0: Ball
1-0: SINGLE (Line Drive, 4MD, EV 98.8 MPH)
Richard Edwards to third
Eddie Neef to second
Runner from 3rd tries for Home, SAFE, throw by CF to home
Batting: LHB Dallas McMurran 0-0: Ball
1-0: Ball
2-0: SINGLE (Flyball, 8LS, EV 91.2 MPH)
Eddie Neef to third
Gabriel Montoya to second
Runner from 3rd tries for Home, SAFE, throw by CF to home
Batting: RHB Juan Reyes 0-0: Ball
1-0: SINGLE (Groundball, 56D, EV 103.8 MPH)
Gabriel Montoya to third
Dallas McMurran to second
Runner from 3rd tries for Home, SAFE, throw by LF to home
Batting: RHB Sergio San Martín 0-0: Ball
1-0: Ball
2-0: Called Strike
2-1: Fielders Choice at 2nd, 6-4 (Groundball, 6, EV 84.4 MPH)
Dallas McMurran to third
Batting: RHB Alfonso Cabedo 0-0: Called Strike
0-1: Foul Ball, location: 2F
0-2: Foul Ball, location: 2F
0-2: Ball
1-2: Foul Ball, location: 2F
1-2: Strikes out swinging
Bottom of the 4th over - 3 runs, 3 hits, 0 errors, 2 left on base; Scranton 1 - Hialeah 3
TOP OF THE 5TH
Scranton Supernovas batting - Pitching for Hialeah Dodos : LHP Kidlat Tria
Batting: RHB Abhipala Srivastav 0-0: Ball
1-0: Ball
2-0: Ball
3-0: Called Strike
3-1: Base on Balls
Batting: RHB César Ferreira 0-0: Swinging Strike
0-1: Ball
1-1: Called Strike
1-2: Ball
2-2: Strikes out swinging
Batting: RHB Domingo Cabrera 0-0: Called Strike
0-1: Ball
1-1: Ball
2-1: Called Strike
2-2: Foul Ball, location: 2F
2-2: Ball
3-2: Ground out 5-3 (Groundball, 56, EV 88.8 MPH)
Abhipala Srivastav to second
Pitching: RHP Henry Henry
Batting: RHB Yong-ho Jheon 0-0: Called Strike
0-1: Swinging Strike
0-2: Strikes out swinging
Top of the 5th over - 0 runs, 0 hits, 0 errors, 1 left on base; Scranton 1 - Hialeah 3
BOTTOM OF THE 5TH
Hialeah Dodos batting - Pitching for Scranton Supernovas : RHP Luis Sastre
Batting: SHB Xavier Mercier 0-0: Called Strike
0-1: Ball
1-1: Ball
2-1: Called Strike
2-2: SINGLE (Groundball, 4, EV 103.8 MPH) (infield hit)
Batting: LHB Richard Edwards 0-0: Bunt missed!
0-1: Ball
1-1: Ball
2-1: Sac Bunt to 5S - play at first, batter OUT! 5-4
Xavier Mercier to second
Batting: RHB Eddie Neef 0-0: Fly out, F7 (Flyball, 78S, EV 79.4 MPH)
Batting: LHB Ramón Morterero 0-0: Called Strike
0-1: Ground out U3 (Groundball, 3, EV 100.0 MPH)
Bottom of the 5th over - 0 runs, 1 hit, 0 errors, 1 left on base; Scranton 1 - Hialeah 3
TOP OF THE 6TH
Scranton Supernovas batting - Pitching for Hialeah Dodos : RHP Henry Henry
Batting: LHB Guan-pei Bei 0-0: Called Strike
0-1: DOUBLE (Line Drive, 9LM, EV 89.4 MPH)
Batting: LHB Ken Norris 0-0: SINGLE (Groundball, 3S, EV 70.6 MPH) (infield hit)
Guan-pei Bei to third
Batting: RHB Phil Moore 0-0: Called Strike
0-1: Grounds into double play, 5-4-3 (Groundball, 56, EV 107.5 MPH)
Guan-pei Bei scores
Batting: RHB August Force 0-0: Ball
1-0: Swinging Strike
1-1: Foul Ball, location: 2F
1-2: Ball
2-2: Strikes out swinging
Top of the 6th over - 1 run, 2 hits, 0 errors, 0 left on base; Scranton 2 - Hialeah 3
BOTTOM OF THE 6TH
Hialeah Dodos batting - Pitching for Scranton Supernovas : RHP Luis Sastre
Batting: LHB Gabriel Montoya 0-0: SINGLE (Line Drive, 34D, EV 99.4 MPH)
Batting: LHB Dallas McMurran 0-0: Called Strike
0-1: Foul Ball, location: 2F
0-2: Foul Ball, location: 2F
0-2: Ball
1-2: Ball
2-2: Reached on error, E4 (Groundball, 4, EV 86.9 MPH)
Gabriel Montoya to second
Batting: RHB Juan Reyes 0-0: Ball
1-0: Ball
2-0: SINGLE (Groundball, 34, EV 78.8 MPH) (infield hit)
Gabriel Montoya to third
Dallas McMurran to second
Pitching: LHP Suezo Amano
Batting: RHB Sergio San Martín 0-0: Ball
1-0: Ball
2-0: Called Strike
2-1: Grounds into fielders choice 5-2 (Groundball, 5, EV 90.6 MPH)
Dallas McMurran to third
Juan Reyes to second
Batting: RHB Alfonso Cabedo 0-0: Ball
1-0: Swinging Strike
1-1: Called Strike
1-2: SINGLE (Groundball, 6, EV 85.0 MPH) (infield hit)
Dallas McMurran scores
Juan Reyes to third
Sergio San Martín to second
Batting: SHB Xavier Mercier 0-0: SINGLE (Groundball, 6, EV 103.1 MPH) (infield hit)
Juan Reyes scores
Sergio San Martín to third
Alfonso Cabedo to second
Batting: LHB Richard Edwards 0-0: Ball
1-0: Called Strike
1-1: Swinging Strike
1-2: Foul Ball, location: 2F
1-2: Foul Ball, location: 2F
1-2: Ball
2-2: SINGLE (Groundball, 6M, EV 103.1 MPH)
Sergio San Martín scores
Alfonso Cabedo to third
Xavier Mercier to second
Runner from 3rd tries for Home, SAFE, throw by CF to home
Batting: RHB Eddie Neef 0-0: Fly out, F7 (Flyball, 7, EV 93.8 MPH)
Batting: LHB Ramón Morterero 0-0: Ball
1-0: Fly out, F8 (Flyball, 8RD, EV 100.6 MPH)
Bottom of the 6th over - 4 runs, 5 hits, 1 error, 2 left on base; Scranton 2 - Hialeah 7
TOP OF THE 7TH
Scranton Supernovas batting - Pitching for Hialeah Dodos : RHP Henry Henry
Batting: RHB Guillermo Alessandrini 0-0: Called Strike
0-1: Ball
1-1: Ball
2-1: Fly out, F9 (Line Drive, 9, EV 91.2 MPH)
Batting: RHB Abhipala Srivastav 0-0: Ball
1-0: Ball
2-0: Fly out, F8 (Flyball, 78D, EV 103.8 MPH)
Batting: RHB César Ferreira 0-0: Called Strike
0-1: Ball
1-1: SINGLE (Groundball, 3, EV 91.2 MPH) (infield hit)
Batting: RHB Domingo Cabrera 0-0: Called Strike
0-1: Ball
1-1: Ball
2-1: Ball
3-1: Called Strike
3-2: Foul Ball, location: 2F
3-2: Base on Balls
César Ferreira to second
Batting: RHB Yong-ho Jheon 0-0: SINGLE (Groundball, 6D, EV 95.0 MPH)
César Ferreira to third
Domingo Cabrera to second
Runner from 3rd tries for Home, SAFE, no throw by CF
Batting: LHB Guan-pei Bei 0-0: Ball
1-0: Ball
2-0: Fly out, F2 (Popup, 2LF, EV 88.8 MPH)
Top of the 7th over - 1 run, 2 hits, 0 errors, 2 left on base; Scranton 3 - Hialeah 7
BOTTOM OF THE 7TH
Hialeah Dodos batting - Pitching for Scranton Supernovas : LHP Suezo Amano
Batting: LHB Gabriel Montoya 0-0: Ball
1-0: SINGLE (Groundball, 4, EV 108.1 MPH) (infield hit)
Batting: LHB Dallas McMurran 0-0: Ball
Gabriel Montoya is caught stealing 2nd base 2-6
1-0: Swinging Strike
1-1: Ball
2-1: Foul Ball, location: 2F
2-2: Foul Ball, location: 2F
2-2: Strikes out swinging
Batting: RHB Juan Reyes 0-0: Foul Ball, location: 2F
0-1: Ball
1-1: Called Strike
1-2: Ball
2-2: Fly out, F8 (Flyball, 78D, EV 100.0 MPH)
Bottom of the 7th over - 0 runs, 1 hit, 0 errors, 0 left on base; Scranton 3 - Hialeah 7
TOP OF THE 8TH
Scranton Supernovas batting - Pitching for Hialeah Dodos : RHP Henry Henry
Batting: LHB Ken Norris 0-0: Foul Ball, location: 2F
0-1: Ball
1-1: Swinging Strike
1-2: Ball
2-2: Ball
3-2: Reached on error, E6 (Groundball, 6M, EV 82.5 MPH)
Batting: RHB Phil Moore 0-0: Called Strike
0-1: Swinging Strike
0-2: SINGLE (Flyball, 8RS, EV 88.1 MPH)
Ken Norris to second
Batting: RHB August Force 0-0: Swinging Strike
0-1: Fly out, F9 (Line Drive, 9, EV 94.4 MPH)
Batting: RHB Guillermo Alessandrini 0-0: Called Strike
0-1: Foul Ball, location: 2F
0-2: Ball
1-2: Foul Ball, location: 2F
1-2: Strikes out looking
Batting: RHB Abhipala Srivastav 0-0: Called Strike
0-1: Called Strike
0-2: Strikes out looking
Top of the 8th over - 0 runs, 1 hit, 1 error, 2 left on base; Scranton 3 - Hialeah 7
BOTTOM OF THE 8TH
Hialeah Dodos batting - Pitching for Scranton Supernovas : LHP Suezo Amano
Batting: RHB Sergio San Martín 0-0: Called Strike
0-1: Ball
1-1: Ball
2-1: Ball
3-1: Fly out, F9 (Flyball, 89M, EV 85.0 MPH)
Batting: RHB Alfonso Cabedo 0-0: Ball
1-0: Ball
2-0: Ball
3-0: Base on Balls
Pitching: RHP Robert Smith
Batting: SHB Xavier Mercier 0-0: Ball
1-0: Swinging Strike
1-1: Ball
2-1: Fly out, F8 (Line Drive, 8RD, EV 108.1 MPH)
Batting: LHB Richard Edwards 0-0: Ball
1-0: Ball
2-0: Fly out, F5 (Popup, 5F, EV 55.0 MPH)
Bottom of the 8th over - 0 runs, 0 hits, 0 errors, 1 left on base; Scranton 3 - Hialeah 7
TOP OF THE 9TH
Scranton Supernovas batting - Pitching for Hialeah Dodos : RHP Henry Henry
Batting: RHB César Ferreira 0-0: Ball
1-0: Ball
2-0: Foul Ball, location: 2F
2-1: Foul Ball, location: 2F
2-2: Ball
3-2: Ground out 6-3 (Groundball, 6, EV 108.1 MPH)
Batting: RHB Domingo Cabrera 0-0: Ball
1-0: Ball
2-0: Foul Ball, location: 2F
2-1: Ball
3-1: Reached on error, E4 (Groundball, 4, EV 86.9 MPH)
Pitching: RHP Wendell Drabek
Batting: RHB Yong-ho Jheon 0-0: Swinging Strike
Domingo Cabrera steals 2nd base
0-1: Ball
1-1: Foul Ball, location: 2F
1-2: Ball
2-2: Ball
3-2: Base on Balls
Pitching: RHP John Stevens
Batting: LHB Guan-pei Bei 0-0: Ball
1-0: Ball
2-0: Ball
3-0: Foul Ball, location: 2F
3-1: Called Strike
3-2: Foul Ball, location: 2F
3-2: Fly out, F5 (Line Drive, 5, EV 75.0 MPH)
Batting: LHB Ken Norris 0-0: Ball
1-0: Called Strike
1-1: Ball
2-1: SINGLE (Groundball, 34D, EV 96.2 MPH)
Domingo Cabrera to third
Yong-ho Jheon to second
Pinch Hitting: LHB Dean Jackson 0-0: Hit by Pitch
Domingo Cabrera scores
Yong-ho Jheon to third
Ken Norris to second
Batting: RHB August Force 0-0: Foul Ball, location: 2F
0-1: Foul Ball, location: 2F
0-2: Strikes out swinging
Top of the 9th over - 1 run, 1 hit, 1 error, 3 left on base; Scranton 4 - Hialeah 7
Friday, March 26th, 2021 - OOTP Baseball 20.8 Build 74